 Dungeon Crawl Stone Soup version 0.23-a0-607-g760965b (webtiles) character file.

19 MisterFreud the Grave Robber (level 2, -10/19 HPs)
             Began as a Human Wanderer on Dec 20, 2018.
             Killed by divine providence
             ... invoked by an orc priest
              (14 damage)
             ... on level 2 of the Dungeon.
             The game lasted 00:04:09 (1117 turns).

MisterFreud the Grave Robber (Human Wanderer)       Turns: 1117, Time: 00:04:10

Health: -10/19     AC:  5    Str: 13    XL:     2   Next: 95%
Magic:  5/5        EV: 10    Int: 12    God:
Gold:   62         SH:  0    Dex: 11    Spells: 4/5 levels left

rFire    . . .     SeeInvis .   a - +0 whip
rCold    . . .     Gourm    .   (no shield)
rNeg     . . .     Faith    .   d - +0 ring mail
rPois    .         Spirit   .   (no helmet)
rElec    .         Reflect  .   (no cloak)
rCorr    .         Harm     .   (no gloves)
MR       .....                  (no boots)
Stlth    +.........             (no amulet)
HPRegen  0.06/turn              h - ring of wizardry
MPRegen  0.09/turn              (no ring)

@: no status effects
A: no striking features
a: no special abilities


You were on level 2 of the Dungeon.
You were not hungry.

You visited 1 branch of the dungeon, and saw 2 of its levels.

You collected 62 gold pieces.

Inventory:

Hand Weapons
 a - a +0 whip (weapon)
 b - a +2 blowgun
Missiles
 g - 8 curare-tipped needles
 k - 4 javelins (quivered)
 m - 25 arrows
 o - 58 stones
Armour
 d - a +0 ring mail (worn)
Jewellery
 h - a ring of wizardry (left hand)
Scrolls
 c - a scroll of fear {unknown}
 i - a scroll of amnesia {unknown}
 j - a scroll of teleportation {unknown}
 n - a scroll of identify {unknown}
 p - 3 scrolls of blinking {unknown}
Potions
 e - a potion of might {unknown}
 q - a potion of curing {unknown}
Comestibles
 f - 2 rations


   Skills:
 - Level 2.0 Maces & Flails
 - Level 1.7 Throwing
 - Level 1.0 Armour
 - Level 2.0 Spellcasting
   Level 3.0 Necromancy
 + Level 1.7 Poison Magic
   Level 1.0 Evocations


You had 4 spell levels left.
You knew the following spells:

 Your Spells              Type           Power        Failure   Level  Hunger
a - Sting                 Conj/Pois      #...         16%         1    ##.....

Your spell library contained the following spells:

 Spells                   Type           Power        Failure   Level  Hunger
 Mephitic Cloud           Conj/Pois/Air  #.......     45%         3    ####...


Dungeon Overview and Level Annotations

Branches:
Dungeon (2/15)

Altars:


Message History

You kill the bat!
You start resting.
Magic restored.
You start resting.
A kobold comes into view.
A kobold is nearby!
The kobold throws a stone.
The stone closely misses you.
Really walk into that teleport trap?
You enter a teleport trap!
The teleport trap disappears.
Your surroundings suddenly seem different. 2 orcs and an orc priest come into view.
The orc priest shouts!
The orc shouts! x2
The orc priest begins to cast a cantrip, but forgets the words!
A kobold comes into view.
The kobold shouts!
You hear an angry hiss.
The orc priest miscasts a cantrip.
The orc priest calls down the wrath of Beogh upon you.
Beogh smites you!
Ouch! That really hurt!
You die...

#o# #o#
#.# #.#
#.# #.#
#o#
#######.#
#......@#
#.......#
#.......#
#.K......
#......##
#......
#......
#......


You could see an orc priest, an orc and a kobold.

Vanquished Creatures
  A leopard gecko (D:1)
  2 ball pythons (D:1)
  6 bats
  3 giant cockroaches (D:1)
  2 hobgoblins (D:1)
  A kobold (D:1)
  2 rats (D:1)
17 creatures vanquished.

Notes
Turn   | Place    | Note
-------+----------+-------------------------------------------
     0 | D:1      | MisterFreud the Human Wanderer began the quest for the Orb.
     0 | D:1      | MisterFreud set off with the following items: 4
                  | curare-tipped needles, a +2 blowgun, a +0 ring mail, a
                  | ration; and the following spell memorised: Sting; and the
                  | following spells available to memorise: Mephitic Cloud
     0 | D:1      | Reached XP level 1. HP: 13/13 MP: 3/3
   394 | D:1      | Reached XP level 2. HP: 19/19 MP: 0/5
   510 | D:1      | Reached skill level 1 in Poison Magic
  1117 | D:2      | Killed from afar by an orc priest

Vault maps used:
D:1:      minmay_arrival_three_doors, st_stairs_12, hangedman_decor_growths,
          hangedman_glass_teeth, roderic_roman_lattice
D:2:      minmay_wonky_spiral

Skill      XL: |  1  2 |
---------------+-------+-----
Poison Magic   | 1 |  1.7
Maces & Flails | |  2.0
Throwing       | |  1.7
Armour         | |  1.0
Spellcasting   | |  2.0
Necromancy     | |  3.0
Evocations     | |  1.0

Action                   || total
-------------------------++-------
Melee: Unarmed           ||    41
       Whip              ||    38
 Fire: Blowgun           ||     4
 Cast: Sting             ||    16
  Eat: Chunk             ||     1
Armor: Ring mail         ||    66
Dodge: Dodged            ||    79

Table legend:
 A = Non-vault XP
 B = Vault XP
 C = Vault XP percentage of total XP
 D = Non-vault monster count
 E = Vault monster count
 F = Vault count percentage of total count
                 A         B        C        D         E       F
            +---------+---------+-------+---------+---------+-------
      Total |      26 |       2 |   7.1 |      16 |       1 |   5.9
            +---------+---------+-------+---------+---------+-------
        D:1 |      25 |       2 |   7.4 |      15 |       1 |   6.2
        D:2 |       1 |       0 |   0.0 |       1 |       0 |   0.0
            +---------+---------+-------+---------+---------+-------
